 Dungeon Crawl Stone Soup version 0.29.1-15-g9cfb28693d (webtiles) character file.

Game seed: 12581735999238914407

102 GeoRichter the Insei (level 4, 0/51 HPs)
             Began as a Demonspawn Transmuter on Mar 20, 2023.
             Slain by Grinder (6 damage)
             ... while paralysed by Grinder
             ... on level 4 of the Dungeon.
             The game lasted 00:06:08 (3484 turns).

GeoRichter the Insei (Demonspawn Transmuter)        Turns: 3484, Time: 00:06:08

Health: 0/51       AC: 22    Str: 10    XL:     4   Next: 49%
Magic:  7/7        EV: -1    Int: 16    God:
Gold:   150        SH:  0    Dex: 14    Spells: 6/7 levels left

rFire   . . .      SeeInvis .     - Unarmed
rCold   . . .      Faith    .   (no shield)
rNeg    . . .      Spirit   .   (body armour currently unavailable)
rPois   +          Reflect  .   (helmet currently unavailable)
rElec   .          Harm     .   (cloak currently unavailable)
rCorr   .          Rampage  .   (gloves currently unavailable)
Will    .....      NoTele   +   (boots currently unavailable)
Stlth   +.........              (no amulet)
HPRegen 0.17/turn               (no ring)
MPRegen 0.10/turn               (no ring)

@: paralysed, tree-form, grasped by roots, constricted
A: stationary, stasis, torment immunity, boosted hp, (sharp scales 1)
a: no special abilities


You were on level 4 of the Dungeon.
You were a tree.
You visited 1 branch of the dungeon, and saw 4 of its levels.

You collected 150 gold pieces.

Inventory:

Hand Weapons
 b - a +0 sling
   (You found it on level 1 of the Dungeon)
Armour
 a - a +0 robe (melded)
 p - a +0 helmet
   (You found it on level 2 of the Dungeon)
 q - a +0 cloak
   (You found it on level 2 of the Dungeon)
 r - a +0 pair of boots
   (You found it on level 2 of the Dungeon)
Scrolls
 c - a scroll of enchant armour {unknown}
 d - a scroll of fog {unknown}
 m - a scroll of teleportation {@r4}
Potions
 g - 2 potions of flight
 h - 2 potions of degeneration {unknown}
 j - a potion of mutation {unknown}
 k - a potion of berserk rage {unknown}
 n - a potion of heal wounds {unknown}
 o - a potion of brilliance {unknown}


   Skills:
 - Level 2.5 Fighting
 - Level 1.7 Dodging
 - Level 4.3 Unarmed Combat
 - Level 2.0 Spellcasting
 + Level 0.0 Conjurations
 - Level 1.7 Transmutations
 * Level 0.0 Earth Magic


You had 6 spell levels left.
You knew the following spells:

 Your Spells              Type           Power      Damage    Failure   Level
a - Beastly Appendage     Tmut           14%        N/A       10%         1

Your spell library contained the following spells:

 Spells                   Type           Power      Damage    Failure   Level
 Wereblood                Tmut           7%         N/A       16%         2
 Sandblast                Erth           2%         2d4       21%         1
 Passwall                 Tmut/Erth      3%         N/A       22%         2
 Spider Form              Tmut/Pois      4%         N/A       41%         3
 Stone Arrow              Conj/Erth      2%         3d7       52%         3
 Ice Form                 Ice/Tmut       4%         N/A       82%         4


Dungeon Overview and Level Annotations

Branches:
Dungeon (4/15) Zot: 20521
 Temple: D:4-7

Altars:

Annotations:
D:3 Sigmund, Terence
D:4 Grinder


Innate Abilities, Weirdness & Mutations

You are a tree.
Your roots penetrate the ground, keeping you stationary.
You cannot be teleported.
You are immune to unholy pain and torment.
Your maximum health is greatly increased.
Your equipment is partially melded.
((You are partially covered in razor-sharp scales. (AC +1, Slay +1)))


Message History

Found a stone staircase leading up.
A hound comes into view.
A hound is nearby!
You grow a pair of large bovine horns.
Your feet morph into talons.
The hound barks!
You hear a shout!
Grinder comes into view.
She is carrying a wand of roots (12).
An ogre comes into view. It is wielding a +0 giant club.
The hound attacks as you move away! The hound bites you. x2
You barely miss the hound. You claw the hound. You headbutt the hound.
The hound bites you.
You hit the hound. Your kick misses the hound. The hound bites you.
You closely miss the hound. The hound bites you but does no damage.
Grinder zaps a wand.
The roots erupt in riotous growth!
The hound is unaffected.
The grasping roots grab you! The grasping roots constrict you!
* * * LOW HITPOINT WARNING * * *
The hound bites you.
* * * LOW HITPOINT WARNING * * *
You hear a shout!
You hear an angry hiss.
You escape the roots grasp.
Grinder blinks!
Okay, then.
Okay, then.
Really quaff
l - a potion of lignification {!q}? [Y]es or [N]o only, please.
Really quaff
l - a potion of lignification {!q}? [Y]es or [N]o only, please.
Really quaff
l - a potion of lignification {!q}?
Really quaff the potion of lignification?
Your horns disappear.
Your talons disappear.
You turn into a tree.
Your +0 robe melds into your body.
Your roots penetrate the ground.
Grinder zaps a wand.
The roots erupt in riotous growth!
The grasping roots grab you!
Grinder is unaffected.
The grasping roots constrict you.
You smack Grinder!
Grinder hits you.
* * * LOW HITPOINT WARNING * * *
You writhe in agony.
* * * LOW HITPOINT WARNING * * *
The grasping roots constrict you.
You smack Grinder!
Grinder gestures at you.
You suddenly lose the ability to move!
The grasping roots constrict you. Grinder hits you.
* * * LOW HITPOINT WARNING * * *
You writhe in agony.
You die...

... .. .. ##5 #.O
#..########
#<.........
#...###############..
#.....h5♣............
#..#########.......>.
#.. #.######## #..
#.# #.. #.# #.. #.#
#.. #.# #.# #.#


You could see Grinder and a hound.

Vanquished Creatures
  4 gnolls
  3 adders (D:2)
  2 ball pythons (D:1)
  3 endoplasms (D:1)
  A giant cockroach (D:2)
  4 goblins
  2 hobgoblins (D:1)
  2 quokkas (D:1)
  5 bats
  3 frilled lizards
  7 kobolds
  7 rats
43 creatures vanquished.

Notes
Turn   | Place    | Note
-------+----------+-------------------------------------------
     0 | D:1      | GeoRichter the Demonspawn Transmuter began the quest for
                  | the Orb.
     0 | D:1      | Reached XP level 1. HP: 15/15 MP: 3/3
   249 | D:1      | Reached skill level 3 in Unarmed Combat
   387 | D:1      | Gained mutation: You are partially covered in razor-sharp
                  | scales. (AC +1, Slay +1) [demonic ancestry]
   387 | D:1      | Reached XP level 2. HP: 17/21 MP: 3/5
  1159 | D:2      | Reached XP level 3. HP: 18/27 MP: 4/6
  2020 | D:2      | Reached skill level 4 in Unarmed Combat
  2085 | D:2      | Reached XP level 4. HP: 31/33 MP: 5/7
  2786 | D:3      | Found a faded altar of an unknown god.
  2963 | D:3      | Noticed Terence
  3203 | D:3      | Noticed Sigmund
  3472 | D:4      | Noticed Grinder
  3473 | D:4      | Noticed an ogre
  3483 | D:4      | Paralysed by Grinder for 2 turns
  3484 | D:4      | Slain by Grinder

Illustrated notes

Levels and vault maps discovered:
D:1:      dpeg_arrival_lava_altar, layout_basic
D:2:      layout_loops_ring, nicolae_concentric_dashed_squares_wild,
          minmay_indecisive_spiral
D:3:      layout_basic, nicolae_ecumenical_pavilion,
          cheibrodos_sewer_entry_sluice, uniq_sigmund, uniq_terence
D:4:      layout_basic, kennysheep_mini, serial_shops, shop, chequers_garden,
          uniq_blork_the_orc, uniq_grinder

Skill      XL: |  1  2  3 |
---------------+----------+-----
Unarmed Combat | 3 4 |  4.3
Fighting       | 2 |  2.5
Dodging        | |  1.7
Spellcasting   | |  2.0
Transmutations | |  1.7

Action                   |  1- 3 |  4- 6 || total
-------------------------+-------+-------++-------
Melee: Unarmed           |    70 |    32 ||   102
       Headbutt          |    10 |     3 ||    13
       Kick              |    14 |     8 ||    22
       Punch             |     2 |     1 ||     3
 Fire: Sling             |     7 |     2 ||     9
 Cast: Beastly Appendage |    24 |     7 ||    31
  Use: Scroll            |       |     6 ||     6
       Potion            |       |     1 ||     1
 Stab: Sleeping          |     2 |     1 ||     3
Armor: Robe              |    28 |     2 ||    30
Dodge: Dodged            |    62 |    10 ||    72
